cohdb
Replays
Latest Replays
All Replays
Popular Replays
Top Player Replays
Match Explorer
How It Works
Community
CoH3 Stats
Reddit
Sign in to upload your games and track your stats! →
Sign in with Steam
Match 41442065
Unlisted
Match 41442065
Overview
Messages
Build Orders
End
Construct Barracks
Engineer Squad
Riflemen Squad
Riflemen Squad
Grenade Package
Infantry Support Center
Construct Medical Station
Construct Motor Pool
Riflemen Squad
M1 Anti-tank Gun Team
M1 Anti-tank Gun Team
M8 Greyhound Armored Car
Construct Weapon Support Center
Selects Airborne Battlegroup
Selects Heavy Machine Gun Paradrop
Selects Paratrooper Squad Paradrop
Selects Recon Loiter
Selects Supply Drop
M1918 Browning Automatic Rifles
M3 Armored Personnel Carrier
Paratrooper Squad Paradrop
Selects Anti-tank Gun Team Paradrop
Supply Drop
Heavy Machine Gun Paradrop
Riflemen Squad
Strider_perc
Ruru
Derlis
gran reino
Dragobyte
Abazur
zorro717
jcastellanosmarquinez
0
0
Comments
sign in to comment!
No comments posted yet!